PCL
MILE HIGH BRONCOS @ TEXARKANA BEARS
05/29/2027
 
TOP OF THE 1ST
Mile High Broncos batting - Pitching for Texarkana Bears : RHP Álex Rodríguez
Pitching: RHP Álex Rodríguez
Batting: LHB Ernesto López 0-0: Bunt for hit - play at first, batter safe!
Batting: RHB Rodney González 0-0: Called Strike
0-1: Grounds into double play, 6-4-3 (Groundball, 6)
Batting: LHB Mark Everett 0-0: Ball
1-0: Called Strike
1-1: Fly out, F7 (Flyball, 7LS)
Top of the 1st over - 0 run(s), 1 hit(s), 0 error(s), 0 left on base; Mile High 0 - Texarkana 0
BOTTOM OF THE 1ST
Texarkana Bears batting - Pitching for Mile High Broncos : RHP Luis De Los Ángeles
Pitching: RHP Luis De Los Ángeles
Batting: RHB Alberto Velásquez 0-0: Called Strike
0-1: Bunted foul
0-2: Fly out, F9 (Flyball, 9)
Batting: RHB Lu-fang Huie 0-0: Ball
1-0: Called Strike
1-1: Ball
2-1: Ball
3-1: Foul Ball, location: 2F
3-2: Foul Ball, location: 2F
3-2: Foul Ball, location: 2F
3-2: Base on Balls
Batting: RHB Keith Ford 0-0: Called Strike
0-1: Ball
1-1: Called Strike
1-2: Strikes out swinging
Batting: RHB Gustavo Díaz 0-0: Ball
1-0: Ball
2-0: Fly out, F7 (Flyball, 78S)
Bottom of the 1st over - 0 run(s), 0 hit(s), 0 error(s), 1 left on base; Mile High 0 - Texarkana 0
TOP OF THE 2ND
Mile High Broncos batting - Pitching for Texarkana Bears : RHP Álex Rodríguez
Batting: RHB António Martínez 0-0: Ball
1-0: Fly out, F8 (Flyball, 8RD)
Batting: RHB Richard Bankhead 0-0: Ball
1-0: Foul Ball, location: 2F
1-1: Swinging Strike
1-2: Ground out 5-3 (Groundball, 56)
Batting: RHB David Moran 0-0: SINGLE (Groundball, 4MD)
Batting: RHB Edward Williams 0-0: Called Strike
0-1: Ball
1-1: Fielders Choice at 2nd, 6-4 (Groundball, 6)
Top of the 2nd over - 0 run(s), 1 hit(s), 0 error(s), 0 left on base; Mile High 0 - Texarkana 0
BOTTOM OF THE 2ND
Texarkana Bears batting - Pitching for Mile High Broncos : RHP Luis De Los Ángeles
Batting: RHB Billy Campbell 0-0: Swinging Strike
0-1: Ball
1-1: Ball
2-1: Foul Ball, location: 2F
2-2: Foul Ball, location: 2F
2-2: Strikes out swinging
Batting: LHB Tom Mullins 0-0: Ground out 6-3 (Groundball, 6)
Batting: RHB Michael Barraclough 0-0: Fly out, F8 (Flyball, 8RXD)
Bottom of the 2nd over - 0 run(s), 0 hit(s), 0 error(s), 0 left on base; Mile High 0 - Texarkana 0
TOP OF THE 3RD
Mile High Broncos batting - Pitching for Texarkana Bears : RHP Álex Rodríguez
Batting: LHB Don Hull 0-0: Ground out U3 (Groundball, 3L)
Batting: RHB Evan Robinson 0-0: Ball
1-0: Foul Ball, location: 2F
1-1: Fly out, F6 (Popup, 6MD)
Batting: LHB Ernesto López 0-0: Ball
1-0: Ball
2-0: Ball
3-0: Called Strike
3-1: Fly out, F7 (Line Drive, 7)
Top of the 3rd over - 0 run(s), 0 hit(s), 0 error(s), 0 left on base; Mile High 0 - Texarkana 0
BOTTOM OF THE 3RD
Texarkana Bears batting - Pitching for Mile High Broncos : RHP Luis De Los Ángeles
Batting: RHB Sadao Kimura 0-0: Called Strike
0-1: Called Strike
0-2: Foul Ball, location: 2F
0-2: Ball
1-2: Hit by Pitch
Batting: RHB Steve Garneys 0-0: Ball
1-0: Ball
2-0: Fielders Choice at 2nd, 1-4 (Groundball, 15S)
Batting: RHB Alberto Velásquez 0-0: Ball
1-0: Ball
2-0: Called Strike
2-1: Ball
3-1: Base on Balls
Steve Garneys to second
Batting: RHB Lu-fang Huie 0-0: Ball
1-0: Ball
2-0: Called Strike
2-1: Foul Ball, location: 2F
2-2: Reached on error, E6 (Groundball, 6)
Steve Garneys to third
Alberto Velásquez to second
Batting: RHB Keith Ford 0-0: Ball
1-0: Ball
2-0: Ball
3-0: Base on Balls
Steve Garneys scores
Alberto Velásquez to third
Lu-fang Huie to second
Batting: RHB Gustavo Díaz 0-0: Ball
1-0: Grounds into double play, 3-6-4 (Groundball, 34)
Bottom of the 3rd over - 1 run(s), 0 hit(s), 1 error(s), 2 left on base; Mile High 0 - Texarkana 1
TOP OF THE 4TH
Mile High Broncos batting - Pitching for Texarkana Bears : RHP Álex Rodríguez
Batting: RHB Rodney González 0-0: Ball
1-0: Foul Ball, location: 2F
1-1: Called Strike
1-2: Fly out, F8 (Flyball, 8RD)
Batting: LHB Mark Everett 0-0: Called Strike
0-1: Called Strike
0-2: SINGLE (Line Drive, 78M)
Batting: RHB António Martínez 0-0: Ball
1-0: Foul Ball, location: 2F
1-1: Ball
2-1: Ball
3-1: Foul Ball, location: 2F
3-2: Strikes out looking
Batting: RHB Richard Bankhead 0-0: Ball
1-0: Ball
2-0: SINGLE (Line Drive, 6MD)
Mark Everett to second
Batting: RHB David Moran 0-0: Called Strike
0-1: Called Strike
0-2: Foul Ball, location: 2F
0-2: Ball
1-2: Fielders Choice at 2nd, 6-4 (Groundball, 6)
Top of the 4th over - 0 run(s), 2 hit(s), 0 error(s), 1 left on base; Mile High 0 - Texarkana 1
BOTTOM OF THE 4TH
Texarkana Bears batting - Pitching for Mile High Broncos : RHP Luis De Los Ángeles
Batting: RHB Billy Campbell 0-0: Ball
1-0: Ball
2-0: Ground out 5-3 (Groundball, 56)
Batting: LHB Tom Mullins 0-0: Ball
1-0: Foul Ball, location: 2F
1-1: Called Strike
1-2: Ball
2-2: Ball
3-2: SINGLE (Groundball, 6MD)
Batting: RHB Michael Barraclough 0-0: Ball
1-0: Ball
Tom Mullins is caught stealing 2nd base
2-0: Foul Ball, location: 2F
2-1: Called Strike
2-2: Ball
3-2: Ground out 4-3 (Groundball, 4M)
Bottom of the 4th over - 0 run(s), 1 hit(s), 0 error(s), 0 left on base; Mile High 0 - Texarkana 1
TOP OF THE 5TH
Mile High Broncos batting - Pitching for Texarkana Bears : RHP Álex Rodríguez
Batting: RHB Edward Williams 0-0: SINGLE (Line Drive, 89S)
Batting: LHB Don Hull 0-0: Ball
Throwing error on steal attempt, E2
Edward Williams to third
1-0: Called Strike
1-1: Swinging Strike
1-2: Ground out U3 (Groundball, 34)
Edward Williams scores
Batting: RHB Evan Robinson 0-0: Ball
1-0: Fly out, F8 (Flyball, 8RD)
Batting: LHB Ernesto López 0-0: Ball
1-0: Swinging Strike
1-1: Bunted foul
1-2: Ball
2-2: Ball
3-2: SINGLE (Groundball, 56D)
Batting: RHB Rodney González 0-0: Ball
1-0: Called Strike
1-1: Ball
2-1: Reached on error, E5 (Groundball, 5)
Ernesto López to second
Batting: LHB Mark Everett 0-0: Ball
1-0: Swinging Strike
1-1: Ball
2-1: Ball
3-1: Ground out 6-3 (Groundball, 6MS)
Top of the 5th over - 1 run(s), 2 hit(s), 2 error(s), 2 left on base; Mile High 1 - Texarkana 1
BOTTOM OF THE 5TH
Texarkana Bears batting - Pitching for Mile High Broncos : RHP Luis De Los Ángeles
Batting: RHB Sadao Kimura 0-0: Foul Ball, location: 2F
0-1: Ball
1-1: Ball
2-1: Reached on error, E6 (Groundball, 6)
Batting: RHB Steve Garneys 0-0: Called Strike
0-1: Ball
Sadao Kimura is caught stealing 2nd base
1-1: Fly out, F9 (Flyball, 89M)
Batting: RHB Alberto Velásquez 0-0: Called Strike
0-1: Foul Ball, location: 2F
0-2: Ball
1-2: Strikes out looking
Bottom of the 5th over - 0 run(s), 0 hit(s), 1 error(s), 0 left on base; Mile High 1 - Texarkana 1
TOP OF THE 6TH
Mile High Broncos batting - Pitching for Texarkana Bears : RHP Álex Rodríguez
Batting: RHB António Martínez 0-0: Ball
1-0: Swinging Strike
1-1: Swinging Strike
1-2: Ball
2-2: Strikes out swinging
Batting: RHB Richard Bankhead 0-0: Ball
1-0: Ball
2-0: Ground out 4-3 (Groundball, 4)
Batting: RHB David Moran 0-0: Swinging Strike
0-1: Fly out, F9 (Line Drive, 9)
Top of the 6th over - 0 run(s), 0 hit(s), 0 error(s), 0 left on base; Mile High 1 - Texarkana 1
BOTTOM OF THE 6TH
Texarkana Bears batting - Pitching for Mile High Broncos : RHP Luis De Los Ángeles
Batting: RHB Lu-fang Huie 0-0: Ball
1-0: Called Strike
1-1: Foul Ball, location: 2F
1-2: Fly out, F8 (Flyball, 8RM)
Batting: RHB Keith Ford 0-0: Fly out, F8 (Flyball, 8RD)
Batting: RHB Gustavo Díaz 0-0: Ball
1-0: Ball
2-0: Ball
3-0: Called Strike
3-1: Called Strike
3-2: Foul Ball, location: 2F
3-2: Base on Balls
Batting: RHB Billy Campbell 0-0: Ball
1-0: Ground out 1-3 (Groundball, 15S)
Bottom of the 6th over - 0 run(s), 0 hit(s), 0 error(s), 1 left on base; Mile High 1 - Texarkana 1
TOP OF THE 7TH
Mile High Broncos batting - Pitching for Texarkana Bears : RHP Álex Rodríguez
Batting: RHB Edward Williams 0-0: Called Strike
0-1: Swinging Strike
0-2: Foul Ball, location: 2F
0-2: Strikes out looking
Pinch Hitting: LHB Tony Báez 0-0: Ball
1-0: Ball
2-0: Ball
3-0: Base on Balls
Pitching: RHP Kosami Tagawa
Batting: RHB Evan Robinson 0-0: Ball
1-0: Ball
2-0: Called Strike
2-1: Foul Ball, location: 2F
2-2: Foul Ball, location: 2F
2-2: Strikes out swinging
Batting: LHB Ernesto López 0-0: Ball
Tony Báez steals 2nd base
1-0: Called Strike
1-1: Swinging Strike
1-2: Foul Ball, location: 2F
1-2: Strikes out looking
Top of the 7th over - 0 run(s), 0 hit(s), 0 error(s), 1 left on base; Mile High 1 - Texarkana 1
BOTTOM OF THE 7TH
Texarkana Bears batting - Pitching for Mile High Broncos : RHP Luis De Los Ángeles
Now in RF: Tony Báez
Batting: LHB Tom Mullins 0-0: Called Strike
0-1: Ball
1-1: Ball
2-1: Swinging Strike
2-2: Foul Ball, location: 2F
2-2: Foul Ball, location: 2F
2-2: Ground out U3 (Groundball, 34)
Batting: RHB Michael Barraclough 0-0: Ball
1-0: Fly out, F8 (Flyball, 8RM)
Pinch Hitting: RHB Gilberto López 0-0: Foul Ball, location: 2F
0-1: Ball
1-1: Foul Ball, location: 2F
1-2: Ball
2-2: Foul Ball, location: 2F
2-2: Ball
3-2: Fly out, F9 (Flyball, 9)
Bottom of the 7th over - 0 run(s), 0 hit(s), 0 error(s), 0 left on base; Mile High 1 - Texarkana 1
TOP OF THE 8TH
Mile High Broncos batting - Pitching for Texarkana Bears : RHP Kosami Tagawa
Now in LF: Gilberto López
Batting: RHB Rodney González 0-0: Ball
1-0: Ball
2-0: Foul Ball, location: 2F
2-1: Foul Ball, location: 2F
2-2: Strikes out swinging
Batting: LHB Mark Everett 0-0: Called Strike
0-1: Ball
1-1: Ball
2-1: Swinging Strike
2-2: Ball
3-2: Base on Balls
Batting: RHB António Martínez 0-0: Swinging Strike
0-1: Ball
1-1: Swinging Strike
1-2: Foul Ball, location: 2F
1-2: Foul Ball, location: 2F
1-2: Strikes out swinging
Batting: RHB Richard Bankhead 0-0: Swinging Strike
0-1: Ball
1-1: Foul Ball, location: 2F
1-2: Ball
2-2: Foul Ball, location: 2F
2-2: Ground out 1-3 (Groundball, 13)
Top of the 8th over - 0 run(s), 0 hit(s), 0 error(s), 1 left on base; Mile High 1 - Texarkana 1
BOTTOM OF THE 8TH
Texarkana Bears batting - Pitching for Mile High Broncos : RHP Luis De Los Ángeles
Pitching: LHP Robin Wilder
Pinch Hitting: RHB Taki Chikafuji 0-0: Ball
1-0: Ground out 6-3 (Groundball, 6M)
Batting: RHB Alberto Velásquez 0-0: Foul Ball, location: 2F
0-1: Ball
1-1: Swinging Strike
1-2: Strikes out looking
Batting: RHB Lu-fang Huie 0-0: Ball
1-0: Ball
2-0: Ball
3-0: Base on Balls
Batting: RHB Keith Ford 0-0: Called Strike
0-1: Ball
1-1: Called Strike
1-2: Ball
2-2: Ball
3-2: Foul Ball, location: 2F
3-2: Ground out U3 (Groundball, 34)
Bottom of the 8th over - 0 run(s), 0 hit(s), 0 error(s), 1 left on base; Mile High 1 - Texarkana 1
TOP OF THE 9TH
Mile High Broncos batting - Pitching for Texarkana Bears : RHP Kosami Tagawa
Pitching: RHP Víctor López
Now at SS: Kun Liu
Batting: RHB David Moran 0-0: Ball
1-0: Called Strike
1-1: Ball
2-1: Called Strike
2-2: Ball
3-2: Strikes out looking
Batting: RHB Edward Williams 0-0: Ball
1-0: Fly out, F6 (Popup, 6)
Batting: LHB Tony Báez 0-0: Swinging Strike
0-1: Swinging Strike
0-2: Ball
1-2: Ball
2-2: Foul Ball, location: 2F
2-2: SINGLE (Line Drive, 6MD)
Pinch Hitting: LHB Jesús González 0-0: Called Strike
0-1: Swinging Strike
0-2: Ball
1-2: Strikes out swinging
Top of the 9th over - 0 run(s), 1 hit(s), 0 error(s), 1 left on base; Mile High 1 - Texarkana 1
BOTTOM OF THE 9TH
Texarkana Bears batting - Pitching for Mile High Broncos : LHP Robin Wilder
Now at C: Raúl Ruíz
Batting: RHB Gustavo Díaz 0-0: Ball
1-0: Foul Ball, location: 2F
1-1: Foul Ball, location: 2F
1-2: Fly out, F4 (Popup, 4MD)
Batting: RHB Billy Campbell 0-0: Foul Ball, location: 2F
0-1: Ball
1-1: Ball
2-1: Fly out, F9 (Flyball, 9S)
Pinch Hitting: RHB Juan Rico 0-0: Ball
1-0: Foul Ball, location: 2F
1-1: Foul Ball, location: 2F
1-2: Strikes out looking
Bottom of the 9th over - 0 run(s), 0 hit(s), 0 error(s), 0 left on base; Mile High 1 - Texarkana 1
TOP OF THE 10TH
Mile High Broncos batting - Pitching for Texarkana Bears : RHP Víctor López
Now at 2B: Juan Rico
Batting: LHB Ernesto López 0-0: DOUBLE (Flyball, 9LM)
Batting: RHB Rodney González 0-0: Swinging Strike
0-1: Fly out, F6 (Popup, 6D)
Batting: LHB Mark Everett 0-0: Ball
1-0: Ground out U3 (Groundball, 3S)
Ernesto López to third
Batting: RHB António Martínez 0-0: Ball
1-0: SINGLE (Flyball, 8LS)
Ernesto López scores
Batting: RHB Richard Bankhead 0-0: Called Strike
0-1: Ball
1-1: Ground out U3 (Groundball, 34)
Top of the 10th over - 1 run(s), 2 hit(s), 0 error(s), 1 left on base; Mile High 2 - Texarkana 1
BOTTOM OF THE 10TH
Texarkana Bears batting - Pitching for Mile High Broncos : LHP Robin Wilder
Pitching: RHP César Rúbio
Now at 2B: Keith Shaffer
Now at 3B: Paco Martínez
Now at SS: Luis Alvarado
Pinch Hitting: LHB Sam Barnes 0-0: Ball
1-0: Ball
2-0: Called Strike
2-1: Swinging Strike
2-2: Fly out, F7 (Flyball, 7D)
Batting: RHB Gilberto López 0-0: Ball
1-0: Ball
2-0: Foul Ball, location: 2F
2-1: Ball
3-1: Called Strike
3-2: Fly out, F7 (Flyball, 7)
Pinch Hitting: LHB Mark Thomas 0-0: Swinging Strike
0-1: Foul Ball, location: 2F
0-2: Foul Ball, location: 2F
0-2: Ball
1-2: Foul Ball, location: 2F
1-2: Ball
2-2: Foul Ball, location: 2F
2-2: Fly out, F9 (Line Drive, 9LM)
Bottom of the 10th over - 0 run(s), 0 hit(s), 0 error(s), 0 left on base; Mile High 2 - Texarkana 1
Thursday, March 30th, 2017 - OOTP Baseball 17.12 Build 75